 Dungeon Crawl Stone Soup version 0.26.0-16-gc1dbca0489 (webtiles) character file.

Game seed: 260195593155999189

432 Majorwet the Digger (level 6, -2/55 HPs)
             Began as a Troll Earth Elementalist on Jan 18, 2021.
             Was a Follower of Vehumet.
             Slain by an ogre
             ... wielding a +0 giant club
              (22 damage)
             ... on level 4 of the Dungeon on Jan 19, 2021.
             The game lasted 00:28:21 (3955 turns).

Majorwet the Digger (Troll Earth Elementalist)      Turns: 3955, Time: 00:28:21

Health: -2/55      AC:  7    Str: 22 (24) XL:     6   Next: 67%
Magic:  9/9        EV: 10    Int:  9 (12) God:    Vehumet [*.....]
Gold:   111        SH:  0    Dex:  9 (10) Spells: 9/10 levels left

rFire    . . .     SeeInvis .   e - +0 short sword
rCold    . . .     Faith    .   (no shield)
rNeg     . . .     Spirit   .   c - +0 robe
rPois    .         Reflect  .   (helmet restricted)
rElec    .         Harm     .   t - +0 cloak
rCorr    .         Rampage  .   (gloves unavailable)
Will     .....                  (boots unavailable)
Stlth    +.........             y - amulet of regeneration
HPRegen  0.98/turn              h - +6 ring of strength
MPRegen  0.11/turn              (no ring)

@: no status effects
A: large, unfitting armour, claws 3, regeneration 1, shaggy fur 1, tough skin 3
a: Renounce Religion


You were on level 4 of the Dungeon.
You worshipped Vehumet.
Vehumet was aware of your devotion.
You visited 1 branch of the dungeon, and saw 4 of its levels.

You collected 111 gold pieces.

Inventory:

Hand Weapons
 e - a +0 short sword (weapon)
 g - a +0 whip
 v - a +0 falchion
Missiles
 D - 4 javelins
Armour
 c - a +0 robe (worn)
 k - a +0 robe
 s - a +0 helmet
 t - a +0 cloak (worn)
 w - a +0 barding
Jewellery
 h - a +6 ring of strength (left claw)
 y - an amulet of regeneration (around neck)
Wands
 E - a wand of disintegration (13)
Scrolls
 a - 2 scrolls of enchant weapon {unknown}
 d - 3 scrolls of immolation {unknown}
 f - 2 scrolls of teleportation
 i - 2 scrolls of enchant armour {unknown}
 l - 2 scrolls of remove curse
 q - 2 scrolls of fear {unknown}
 r - 5 scrolls of identify {unknown}
 u - a scroll of blinking {unknown}
 z - a scroll of fog {unknown}
 B - a scroll of random uselessness {unknown}
 C - a scroll of amnesia {unknown}
Potions
 j - 2 potions of curing {unknown}
 m - a potion of ambrosia {unknown}
 n - a potion of degeneration
 o - a potion of brilliance {unknown}
 p - a potion of heal wounds {unknown}
 x - a potion of lignification {unknown}
 A - a potion of mutation {unknown}


   Skills:
 + Level 1.2 Fighting
 + Level 2.0 Short Blades
 + Level 2.1 Dodging
 + Level 1.1 Stealth
 + Level 2.7 Spellcasting
 + Level 0.6 Transmutations
 + Level 4.6 Earth Magic


You had 9 spell levels left.
You knew the following spells:

 Your Spells              Type           Power        Failure   Level
a - Sandblast             Erth           18%          4%          1

Your spell library contained the following spells:

 Spells                   Type           Power        Failure   Level
 Shock                    Conj/Air       4%           30%         1
 Passwall                 Tmut/Erth      4%           16%         2
 Stone Arrow              Conj/Erth      10%          36%         3
 Petrify                  Tmut/Erth      5%           71%         4
 Lee's Rapid Deconstruct  Erth           4%           78%         5


Dungeon Overview and Level Annotations

Branches:
Dungeon (4/15)
 Temple: D:4-7

Altars:
Ashenzari
Sif Muna
Vehumet


Innate Abilities, Weirdness & Mutations

You are too large for most types of armour.
You have claws for hands.
Your natural rate of healing is unusually fast.
You are covered in fur. (AC +1)
You have extremely tough skin. (AC +3)


Message History

The ogre barely misses you.
You hit the ogre.
The ogre is severely wounded.
The ogre closely misses you.
You barely miss the ogre.
The ogre is severely wounded.
The ogre barely misses you.
You barely miss the ogre.
The ogre is severely wounded.
The ogre hits you with a +0 giant club.
You hit the ogre but do no damage.
The ogre is severely wounded.
You hit the ogre.
The ogre is severely wounded.
The ogre hits you with a +0 giant club!
Unknown command.
You barely miss the ogre.
The ogre is severely wounded.
The ogre hits you with a +0 giant club!!
You die...

. ....#############
......†.O@......#
....##.##.......#
.......##.......#
........####.### #
####.>..####..####...
.# ##......##......#
.# ##.##...[####..# #
#..##.†..# #
..######.####....)..


You could see an ogre.

Vanquished Creatures
  Sigmund (D:3)
  Purgy (D:4)
  A worker ant (D:4)
  5 adders
  2 river rats (D:3)
  An ooze (D:1)
  An adder skeleton (D:4)
  9 worms
  3 dart slugs (D:3)
  A leopard gecko (D:4)
  An orc (D:3)
  8 bats
  6 giant cockroaches
  6 goblins
  9 hobgoblins
  3 jackals (D:4)
  A quokka (D:4)
  2 frilled lizards
  5 kobolds
  8 rats
74 creatures vanquished.

Notes
Turn   | Place    | Note
-------+----------+-------------------------------------------
     0 | D:1      | Majorwet the Troll Earth Elementalist began the quest for
                  | the Orb.
     0 | D:1      | Reached XP level 1. HP: 16/16 MP: 1/1
   148 | D:1      | Reached skill level 3 in Earth Magic
   363 | D:1      | Reached XP level 2. HP: 24/24 MP: 0/2
  1374 | D:2      | Reached XP level 3. HP: 31/31 MP: 1/4
  1673 | D:2      | Found a radiant altar of Vehumet.
  1683 | D:2      | Became a worshipper of Vehumet
  1970 | D:2      | You fall into a shaft and drop 1 floor!
  1986 | D:2      | Reached XP level 4. HP: 34/40 MP: 1/5
  2178 | D:2      | Found a shimmering blue altar of Sif Muna.
  2357 | D:3      | Found a broken altar of Ashenzari.
  2629 | D:3      | Noticed Sigmund
  2636 | D:3      | Killed Sigmund
  2637 | D:3      | Reached skill level 1 in Fighting
  2637 | D:3      | Reached skill level 1 in Short Blades
  2637 | D:3      | Reached skill level 4 in Earth Magic
  2637 | D:3      | Reached XP level 5. HP: 43/48 MP: 0/7
  2778 | D:3      | Reached * piety under Vehumet
  2778 | D:3      | Offered knowledge of Shock by Vehumet.
  3166 | D:3      | Reached XP level 6. HP: 55/55 MP: 8/8
  3786 | D:4      | Noticed Purgy
  3792 | D:4      | Killed Purgy
  3955 | D:4      | Slain by an ogre

Illustrated notes

Levels and vault maps discovered:
D:1:      psy_arrival_whirlpool, layout_basic
D:2:      layout_basic, led_sif_pool, nicolae_overflow_crystal_walls,
          nrook_mini_backslash, minmay_close_crescents
D:3:      layout_loops_ring, overflow_temple_1_default,
          lightli_sewer_entry_pipes, uniq_sigmund
D:4:      layout_rooms, uniq_purgy

Skill      XL: |  1  2  3  4  5  6 |
---------------+-------------------+-----
Earth Magic    | 3 4 |  4.6
Fighting       | 1 |  1.2
Short Blades   | 1 2 |  2.0
Dodging        | 2 |  2.1
Spellcasting   | 2 |  2.7
Stealth        | |  1.1
Transmutations | |  0.6

Action                   |  1- 3 |  4- 6 || total
-------------------------+-------+-------++-------
Melee: Short sword       |    33 |   126 ||   159
       Unarmed           |     2 |       ||     2
 Cast: Sandblast         |    34 |    71 ||   105
  Use: Scroll            |       |     2 ||     2
       Potion            |       |     1 ||     1
Armor: Robe              |     9 |    48 ||    57
Dodge: Dodged            |    29 |    70 ||    99
